I copied Daniel Fenner's build from Youtube.
Lots of people have been asking for an opener to use in LOTV, here's what I've been using more than 90 percent of the time - a solid gasless opener which I dubbed "Extractors bandit" due to the amount of Extractor tricks and wanting a cool sounding name.
This build guide will get you started. Note that it's only an opener, not a full build or style but will set you up well at the start of the game.
12 | 0:01 | Drone | |
13 | 0:08 | Drone | |
14 | 0:15 | Extractor | Extractor Trick to 15/14 |
14 | 0:16 | Drone | |
15 | 0:39 | Hatchery | |
14 | 0:45 | Extractor | Extractor Trick to 15/14 |
14 | 0:47 | Drone | |
15 | 1:00 | Spawning Pool | |
14 | 1:07 | Extractor | Extractor Trick to 15/14 |
14 | 1:09 | Drone, Extractor | Extractor Trick to 16/14 |
14 | 1:11 | Drone | |
16 | 1:18 | Overlord | |
16 | 1:37 | Drone x2 | |
18 | 1:42 | Drone | |
19 | 1:50 | Queen | |
19 | 1:53 | Queen | |
19 | 1:55 | Zergling | |
25 | 1:56 | Drone | |
25 | 2:04 | Overlord | |
25 | 2:05 | Drone |
Build can also be found on Team Liquid.
Benefits: Hatch and Spawning Pool go down fast at :39 and 1:00. First Zerglings pop at 2:10. Gasless Opening, 2-4 gas can be taken at 36 supply/24 drones.
On Nov. 12, 2015, 8:17 p.m., MorN said:
I like it. Fenn3r always puts out good content. Thanks for writing this up!
On Nov. 12, 2015, 7:10 p.m., StoicLoofah said:
Build looks great! Thanks for sharing. I had actually kind of forgotten about hte extractor trick to some degree since it didn't seem to matter much in HotS